 Dungeon Crawl Stone Soup version 0.18-a0-1562-gac8da35 (webtiles) character file.

80 M4edhros the Sneak (level 4, 0/28 HPs)
             Began as an Octopode Artificer on Mar 13, 2016.
             Slain by an iguana (8 damage)
             ... on level 4 of the Dungeon.
             The game lasted 00:01:27 (1648 turns).

M4edhros the Sneak (Octopode Artificer)             Turns: 1648, Time: 00:01:28

Health: 0/28       AC:  1    Str: 10    XL:     4   Next: 39%
Magic:  6/6        EV: 13    Int: 14    God:
Gold:   81         SH:  0    Dex: 13    Spells: 0 memorised, 3 levels left

rFire  . . .     SeeInvis .     a - +0 short sword
rCold  . . .     Gourm    .     (no shield)
rNeg   . . .     Faith    .     (helmet restricted)
rPois  .         Spirit   .     (no amulet)
rElec  .         Dismiss  .     (no ring)
rCorr  .         Reflect  .     (no ring)
SustAt .         Harm     .     (no ring)
MR     .....                    (no ring)
Stlth  ++++......               (no ring)
                                (no ring)
                                (no ring)
                                (no ring)

@: starving, not resistant to hostile enchantments, stealthy
A: almost no armour, amphibious, 8 rings, constrict 8, camouflage 1, gelatinous
body 1
a: no special abilities


You were on level 4 of the Dungeon.
You were starving.

You visited 1 branch of the dungeon, and saw 4 of its levels.

You collected 81 gold pieces.

Inventory:

Hand Weapons
 a - a +0 short sword (weapon)
Wands
 b - a wand of flame (13/48)
 c - a wand of enslavement (15/24)
 d - a wand of random effects (15/48)
Scrolls
 e - 3 scrolls of identify {unknown}
 g - 2 scrolls of recharging {unknown}
 h - a scroll of immolation {unknown}
 k - 2 scrolls of random uselessness {unknown}
 n - a scroll of magic mapping {unknown}
Potions
 l - a potion of brilliance {unknown}
 m - a potion of ambrosia {unknown}
Comestibles
 f - 2 bread rations
 i - 5 fruits
 j - a meat ration


   Skills:
 - Level 1.0 Fighting
 - Level 1.0 Short Blades
 + Level 2.8 Dodging
 * Level 4.2 Stealth
 + Level 3.9 Evocations


You had 3 spell levels left.
You didn't know any spells.

Dungeon Overview and Level Annotations

Branches:
Dungeon (4/15)
 Temple: D:4-7

Altars:


Innate Abilities, Weirdness & Mutations

You cannot wear most types of armour.
You are amphibious.
You can wear up to eight rings at the same time.
You can use your tentacles to constrict eight enemies at once.
Your skin changes colour to match your surroundings (Stealth).
Your rubbery body absorbs attacks (AC +1).


Message History

The iguana barely misses you.
Unknown command.
Evoke which item? (* to show all) (? for menu, Esc to quit)
Zapping:
b - a wand of flame (15/48)
Press: ? - help, Shift-Dir - straight line, f - iguana
Aim: an iguana (heavily wounded, constricted by you)
The puff of flame hits the iguana.
The iguana is severely wounded.
This wand has 14 charges left.
You constrict the iguana. The iguana closely misses you.
Evoke which item? (* to show all) (? for menu, Esc to quit)
Zapping:
b - a wand of flame (14/48)
Press: ? - help, Shift-Dir - straight line, f/p - iguana
Aim: an iguana (severely wounded, constricted by you)
The puff of flame hits the iguana.
The iguana is almost dead.
This wand has 13 charges left.
You constrict the iguana, but do no damage.
The iguana bites you!
You die...

..# .# #. # #.##.#
#.# .# ##....
#.###.# ##...##
#...l.# ##.....##
#.#@## ##.......##
#....####.........##
#.......'.........'.
#....####.........##
#.#.## ##.......##
#.### ##.....## #.#
##...## #.# ##+##
#.#


You could see an iguana.

Vanquished Creatures
  3 gnolls
  An ooze (D:4)
  A worm (D:3)
  2 dart slugs
  A giant gecko (D:2)
  3 bats (D:1)
  5 giant cockroaches (D:1)
  3 goblins
  9 hobgoblins
  2 kobolds
  A ball python (D:3)
  4 giant newts (D:1)
  A rat (D:1)
36 creatures vanquished.

Notes
Turn   | Place    | Note
--------------------------------------------------------------
     0 | D:1      | M4edhros the Octopode Artificer began the quest for the Orb.
     0 | D:1      | Reached XP level 1. HP: 13/13 MP: 3/3
   270 | D:1      | Reached skill level 2 in Stealth
   334 | D:1      | Reached XP level 2. HP: 12/18 MP: 4/4
   714 | D:1      | Reached skill level 3 in Stealth
   740 | D:1      | Reached XP level 3. HP: 23/23 MP: 5/5
  1453 | D:4      | Reached XP level 4. HP: 20/28 MP: 6/6
  1456 | D:4      | Reached skill level 4 in Stealth
  1648 | D:4      | Slain by an iguana

Vault maps used:
D:1:      saegor_arrival_simple_c
D:2:      evilmike_ruin_ashenzari
D:4:      uniq_robin, uniq_eustachio

Skill      XL: |  1  2  3  4 |
---------------+-------------+-----
Stealth        | 2 3 4 |  4.2
Fighting       | |  1.0
Short Blades   | |  1.0
Dodging        | |  2.8
Evocations     | |  3.9

Action                   |  1- 3 |  4- 6 || total
-------------------------+-------+-------++-------
Melee: Short sword       |    72 |    10 ||    82
Evoke: Wand              |       |     2 ||     2
 Stab: Sleeping          |     6 |     1 ||     7
